 Dungeon Crawl Stone Soup version 0.29-a0-275-g389c0b56f3 (webtiles) character file.

Game seed: 5496282339405978442

1478 tatocazan the Chopper (level 8, -4/63 HPs)
             Began as a Demonspawn Fighter on Mar 9, 2022.
             Was an Initiate of Okawaru.
             Slain by Menkaure (15 damage)
             ... on level 6 of the Dungeon.
             The game lasted 00:07:26 (7266 turns).

tatocazan the Chopper (Demonspawn Fighter)          Turns: 7266, Time: 00:07:26

Health: -4/63      AC: 10    Str: 18    XL:     8   Next: 50%
Magic:  17/17      EV: 16    Int: 10    God:    Okawaru [......]
Gold:   234        SH:  5    Dex: 13    Spells: 7/7 levels left

rFire   . . .      SeeInvis .   a - +0 war axe
rCold   . . .      Faith    .   c - +0 buckler
rNeg    . . .      Spirit   .   b - +1 scale mail
rPois   .          Reflect  .   (helmet restricted)
rElec   .          Harm     .   j - +0 cloak
rCorr   .          Rampage  .   (no gloves)
Will    .....                   i - +0 pair of boots
Stlth   ..........              (no amulet)
HPRegen 0.20/turn               e - ring of magical power
MPRegen 0.15/turn               k - +4 ring of evasion

@: no status effects
A: antennae 1, repulsion field 2, ignite blood 1
a: Renounce Religion


You were on level 6 of the Dungeon.
You worshipped Okawaru.
Okawaru was noncommittal.
You visited 2 branches of the dungeon, and saw 7 of its levels.

You collected 234 gold pieces.

Inventory:

Hand Weapons
 a - a +0 war axe (weapon)
Missiles
 f - 3 silver javelins
 o - 2 silver boomerangs (quivered)
Armour
 b - a +1 scale mail (worn)
 c - a +0 buckler (worn)
 i - a +0 pair of boots (worn)
 j - a +0 cloak (worn)
 x - a +0 kite shield
Jewellery
 e - a ring of magical power (left hand)
 k - a +4 ring of evasion (right hand)
 C - a +4 ring of evasion
 D - a ring of willpower
Wands
 q - a wand of flame (9)
 B - a wand of acid (4)
Scrolls
 g - 5 scrolls of identify
 n - a scroll of teleportation
 p - 2 scrolls of enchant armour
 r - 2 scrolls of fear
 v - a scroll of brand weapon {unknown}
 w - 3 scrolls of amnesia {unknown}
 y - a scroll of blinking {unknown}
 z - 2 scrolls of immolation {unknown}
Potions
 d - a potion of might
 h - 3 potions of lignification
 l - a potion of flight {unknown}
 m - 2 potions of heal wounds
 s - a potion of ambrosia {unknown}
 t - 2 potions of degeneration {unknown}
 u - a potion of haste {unknown}
 A - a potion of brilliance {unknown}


   Skills:
 + Level 5.6 Fighting
 * Level 6.2 Axes
 + Level 5.1 Armour
 + Level 5.1 Shields


You had 7 spell levels left.
You didn't know any spells.
Your spell library contained the following spells:

 Spells                   Type           Power      Damage    Failure   Level
 Apportation              Tloc           0%         N/A       82%         1
 Corpse Rot               Necr/Air       0%         N/A       91%         2
 Static Discharge         Conj/Air       0%         N/A       91%         2
 Sublimation of Blood     Necr           0%         N/A       91%         2
 Wereblood                Tmut           0%         N/A       91%         2
 Anguish                  Hex/Necr       0%         N/A       100%        4
 Dispel Undead            Necr           0%         3d6       100%        4
 Lightning Bolt           Conj/Air       0%         1d11      100%        5
 Enfeeble                 Hex            0%         N/A       100%        7
 Maxwell's Capacitive Co  Air            0%         ∞         100%        8
 Animate Skeleton         Necr           Unusable   N/A       N/A         1
 Summon Small Mammal      Summ           Unusable   N/A       N/A         1
 Tukima's Dance           Hex            Unusable   N/A       N/A         3
 Death Channel            Necr           Unusable   N/A       N/A         6
 Summon Hydra             Summ           Unusable   N/A       N/A         7

Dungeon Overview and Level Annotations

Branches:
Dungeon (6/15)             Temple (1/1) D:5

Altars:
Ashenzari
Cheibriados
Dithmenos
Elyvilon
Gozag
Hepliaklqana
Kikubaaqudgha
Makhleb
Nemelex Xobeh
Okawaru
Ru
Trog
Uskayaw
Vehumet
Wu Jian
Xom
Yredelemnul
Zin
The Shining One

Shops:
D:2 [[(

Annotations:
D:6 Menkaure


Innate Abilities, Weirdness & Mutations

You have a pair of small antennae on your head.
You are surrounded by a moderate repulsion field. (EV +3)
Your demonic aura sometimes causes spilled blood to erupt in flames.


Message History

You are too injured to fight recklessly!
You are too injured to fight recklessly!
You are too injured to fight recklessly!
You are too injured to fight recklessly!
You are too injured to fight recklessly!
You are too injured to fight recklessly!
You are too injured to fight recklessly!
You are too injured to fight recklessly!
You are too injured to fight recklessly!
You hit Menkaure.
Menkaure is lightly damaged.
You closely miss the phantom.
Menkaure casts a spell.
Menkaure seems to speed up.
The phantom completely misses you.
You hit Menkaure but do no damage.
Menkaure is lightly damaged.
You closely miss the phantom. Menkaure barely misses you.
You block the phantom's attack. Menkaure closely misses you.
You slash Menkaure!
Menkaure is heavily damaged.
You hit the phantom but do no damage. Menkaure misses you.
The phantom hits you!
You take 7 damage, and have 27/63 hp.
You hit Menkaure.
Menkaure is severely damaged.
You hit the phantom but do no damage. Menkaure barely misses you.
You block the phantom's attack. Menkaure barely misses you.
The phantom barely misses you.
You hit Menkaure.
Menkaure is almost destroyed.
You hit the phantom. Menkaure hits you! You block the phantom's attack.
You take 8 damage, and have 19/63 hp.
You barely miss Menkaure.
Menkaure is almost destroyed.
You closely miss the phantom.
Menkaure calls on the powers of darkness!
Your body is wracked with pain!
* * * LOW HITPOINT WARNING * * *
You block the phantom's attack. Menkaure hits you!
You die...

........................
#...............#######.
#......)......# #####.
#.#.............# #...#.
#...............# #...#.
####............# #.....
...>.##...#########.....
..=. #........ ........
... #@................
.. #WM............... .
..................
#..................
#.##...........#### #.
............... #.
#.............. ..
..............
#########.........


You could see a phantom and Menkaure (fast).

Vanquished Creatures
  Edmund (D:5)
  2 water moccasins (D:5)
  2 sky beasts
  2 black bears (D:5)
  An ogre (D:5)
  A centaur (D:6)
  A phantom (D:5)
  2 scorpions
  3 hounds
  2 jellies
  3 iguanas (D:5)
  2 orc wizards
  4 gnolls (D:4)
  4 adders
  A shadow imp (D:5)
  4 worms
  4 dart slugs
  10 orcs
  10 bats
  3 endoplasms
  A giant cockroach (D:4)
  4 hobgoblins
  7 kobolds
  2 quokkas
  3 ball pythons
  A frilled lizard (D:3)
  8 goblins
  5 rats
93 creatures vanquished.

Notes
Turn   | Place    | Note
-------+----------+-------------------------------------------
     0 | D:1      | tatocazan the Demonspawn Fighter began the quest for the
                  | Orb.
     0 | D:1      | Reached XP level 1. HP: 18/18 MP: 1/1
   151 | D:1      | Reached skill level 2 in Axes
   151 | D:1      | Gained mutation: Your demonic aura sometimes causes spilled
                  | blood to erupt in flames. [demonic ancestry]
   151 | D:1      | Reached XP level 2. HP: 24/24 MP: 2/2
   993 | D:2      | Gained mutation: You have a pair of small antennae on your
                  | head. [demonic ancestry]
   993 | D:2      | Reached XP level 3. HP: 29/29 MP: 3/3
  1101 | D:2      | Found Bajoimol's Weapon Emporium.
  1162 | D:2      | Found Zahoan's Jewellery Shop.
  1205 | D:2      | Found Epnettud's Armour Emporium.
  1304 | D:2      | Found Woumm's Antique Armour Emporium.
  1614 | D:3      | Reached XP level 4. HP: 35/35 MP: 4/4
  2128 | D:3      | Noticed a sky beast
  2150 | D:3      | Killed a sky beast
  2151 | D:3      | Reached skill level 3 in Axes
  2151 | D:3      | Gained mutation: You are surrounded by a mild repulsion
                  | field. (EV +2) [demonic ancestry]
  2151 | D:3      | Reached XP level 5. HP: 32/42 MP: 5/5
  3806 | D:4      | Reached XP level 6. HP: 22/42 MP: 6/6
  4241 | D:4      | Reached skill level 4 in Axes
  4413 | D:5      | Entered Level 5 of the Dungeon
  4413 | D:5      | Noticed a sky beast
  4804 | D:5      | Reached XP level 7. HP: 40/55 MP: 7/7
  5224 | D:5      | Noticed Edmund
  5350 | D:4      | Reached skill level 5 in Axes
  5445 | D:5      | Reached skill level 5 in Fighting
  5811 | D:5      | Found a staircase to the Ecumenical Temple.
  5868 | D:5      | Gained mutation: You are surrounded by a moderate repulsion
                  | field. (EV +3) [demonic ancestry]
  5868 | D:5      | Reached XP level 8. HP: 38/62 MP: 8/8
  5905 | Temple   | Entered the Ecumenical Temple
  6290 | Temple   | Became a worshipper of Warmaster Okawaru
  6323 | D:5      | Killed Edmund
  6422 | D:5      | Reached skill level 6 in Axes
  6733 | D:5      | Reached skill level 5 in Armour
  6733 | D:5      | Reached skill level 5 in Shields
  7256 | D:6      | Noticed Menkaure
  7266 | D:6      | Slain by Menkaure

Illustrated notes

Levels and vault maps discovered:
D:1:      dpeg_arrival_solitude, layout_basic, serial_aquarium,
          aquarium_bridge_square [aquarium_subvault_window,
          aquarium_subvault_wall, aquarium_subvault_bridge,
          aquarium_subvault_bridge], aquarium_window_2, aquarium_window_corner,
          aquarium_view_2c, aquarium_view_4, aquarium_balcony_5a,
          aquarium_pool_double
D:2:      layout_basic, serial_shops, shop, shop, nicolae_shop_hallway_plus,
          nicolae_lakefront_shop
D:3:      layout_loops_ring, grunt_ministairs_7, minmay_misc_feat_room
D:4:      layout_basic
D:5:      layout_cave_pools, minmay_temple_entry_trees, uniq_edmund
D:6:      layout_basic, chequers_temple_overflow_statue_of_worship,
          uniq_crazy_yiuf_cottage, uniq_menkaure
Temple:   mainiacjoe_temple_bowtie_tessellation

Skill      XL: |  1  2  3  4  5  6  7  8 |
---------------+-------------------------+-----
Axes           | 2 3 4 5 6 |  6.2
Armour         | 3 4 5 |  5.1
Shields        | 3 4 5 |  5.1
Fighting       | 4 5 |  5.6

Action                   |  1- 3 |  4- 6 |  7- 9 || total
-------------------------+-------+-------+-------++-------
Melee: War axe           |    97 |   141 |   149 ||   387
Throw: Javelin           |       |     3 |       ||     3
       Boomerang         |       |     1 |       ||     1
Evoke: Wand              |       |     8 |       ||     8
  Use: Scroll            |     3 |       |     4 ||     7
       Potion            |       |     3 |       ||     3
Armor: Scale mail        |    34 |    61 |    54 ||   149
Dodge: Dodged            |    78 |   142 |   116 ||   336
Block: Buckler           |    26 |    40 |    40 ||   106

Table legend: (Time is in decaauts)
 A = Elapsed time spent in this place.
 B = Non-inter-level travel time spent in this place.
 C = Inter-level travel time spent in this place.
 D = Time resting spent in this place.
 E = Time spent auto-exploring this place.
 F = Levels seen in this place.
 G = Mean time per level.
                   A        B        C        D        E       F      G
               +--------+--------+--------+--------+--------+-----+--------+
         Total |   7404 |   7217 |    187 |   2327 |   3802 |   7 | 1057.7 |
       Dungeon |   6992 |   6830 |    162 |   2047 |   3714 |   6 | 1165.3 |
        Temple |    412 |    387 |     25 |    280 |     88 |   1 |  412.0 |
               +--------+--------+--------+--------+--------+-----+--------+

Top non-repeatable levels by time:
     D:4: 2958 daAuts
     D:5: 1028 daAuts
     D:1: 966 daAuts
     D:3: 938 daAuts
     D:2: 650 daAuts
     D:6: 450 daAuts
  Temple: 412 daAuts
